Kradschützen Motorcycle Team
Construct Light Support Kompanie
Pak 38 Anti-tank Gun Team
le.IG 18 Mechanized Group
Construct Mechanized Kompanie
254 Reconnaissance Tractor
Construct Panzerarmee Kommand
Pak 38 Anti-tank Gun Team
Selects Registered Artillery
Selects Towed Cannone da 105/28 Field Howitzer
Selects Defensive Operations
Selects Territory Booby Traps
Selects Obice 305mm Barrage
Flak 36 Anti-tank Gun Team
254 Reconnaissance Tractor
Flak 36 Anti-tank Gun Team
Walking Stuka Rocket Launcher